AoeStats
← 白给连狙

Pilgrims

509685554Analyzed
2v2 RM · 6d ago on Sep 27, 2026· 20m 31s· 4 players
Game mode
Random Map
Map size
Medium (4 player)
Population
200
Speed
Normal
Resources
Standard
Victory
Conquest
Starting age
Dark Age
Ending age
Imperial Age
RankedLock teamsTeams togetherTeam positionsShared explorationLock speedFull tech treeHidden civsTurbo modeCheats
Victory
Defeat
🇪🇸 Japanese · Spain
937
+13
🇨🇭 Bengalis · Switzerland
926
+13
🇹🇼 Varangians · Taiwan
895
-14
🇨🇳 Mongols · China
836
-12
森永
10:56 Loom
13:32 Feudal Age
18:00 Castle Age
白给连狙
11:34 Feudal Age
manoloyanez
4:48 Loom
8:49 Loom
11:23 Feudal Age
10:59 Loom
12:33 Double-Bit Axe
16:29 Fishing Lines
20:58 Bloodlines
M44281
10:45 Feudal Age
9:43 Loom
12:15 Town Watch
12:42 Gold Mining
13:18 Fishing Lines
16:48 Double-Bit Axe
19:02 Fletching
20:01 Wheelbarrow
23:07 Castle Age
Connection lost

Rejoining the realm…

Still unreachable

The connection could not be restored.

Session expired

The server has moved on; the page needs a fresh start.